3AA
SAN BERNARDINO GRASSHOPPERS @ LANCASTER FARMERS
08/09/2031
 
TOP OF THE 1ST
San Bernardino Grasshoppers batting - Pitching for Lancaster Farmers : RHP Marnix van Rijn
Pitching: RHP Marnix van Rijn
Batting: RHB Jouo Hirschovits 0-0: Foul Ball, location: 2F
0-1: Foul Ball, location: 2F
0-2: SINGLE (Line Drive, 4M)
Batting: RHB Reinaart Manshert 0-0: Ball
1-0: Ball
2-0: SINGLE (Line Drive, 6)
Jouo Hirschovits to second
Batting: RHB Luis Yander La O 0-0: Ball
Jouo Hirschovits steals 3rd base
1-0: Foul Ball, location: 2F
1-1: Called Strike
1-2: Fly out, F9 (Flyball, 9S)
Runner from 3rd tags up, SCORES, throw made
Batting: LHB Arana Sashi 0-0: Foul Ball, location: 2F
0-1: Fly out, F8 (Line Drive, 78XD)
Batting: RHB Guy Toussaint 0-0: Ball
1-0: Called Strike
1-1: Ball
2-1: Foul Ball, location: 2F
2-2: Ball
3-2: Strikes out looking
Top of the 1st over - 1 run, 2 hits, 0 errors, 1 left on base; San Bernardino 1 - Lancaster 0
BOTTOM OF THE 1ST
Lancaster Farmers batting - Pitching for San Bernardino Grasshoppers : RHP Vicente Durango
Pitching: RHP Vicente Durango
Batting: RHB José Xirau 0-0: Ground out 1-3 (Groundball, 13)
Batting: RHB Hsi-men King 0-0: Called Strike
0-1: Ground out 6-3 (Groundball, 6)
Batting: RHB Domingo Altamiraño 0-0: Called Strike
0-1: Ball
1-1: Swinging Strike
1-2: Strikes out looking
Bottom of the 1st over - 0 runs, 0 hits, 0 errors, 0 left on base; San Bernardino 1 - Lancaster 0
TOP OF THE 2ND
San Bernardino Grasshoppers batting - Pitching for Lancaster Farmers : RHP Marnix van Rijn
Batting: RHB Eikki Kankaanperä 0-0: Ball
1-0: Swinging Strike
1-1: Called Strike
1-2: Strikes out swinging
Batting: RHB Tony Ayala 0-0: Called Strike
0-1: SINGLE (Groundball, 6) (infield hit)
Batting: RHB Ronald Comejo 0-0: Ball
1-0: Ball
2-0: Called Strike
2-1: SINGLE (Groundball, 6MS) (infield hit)
Tony Ayala to second
Batting: RHB Ángelo Díaz 0-0: Swinging Strike
0-1: Ball
1-1: Foul Ball, location: 2F
1-2: Ball
2-2: Foul Ball, location: 2F
2-2: Strikes out swinging
Batting: RHB Jouo Hirschovits 0-0: Ground out 4-3 (Groundball, 4)
Top of the 2nd over - 0 runs, 2 hits, 0 errors, 2 left on base; San Bernardino 1 - Lancaster 0
BOTTOM OF THE 2ND
Lancaster Farmers batting - Pitching for San Bernardino Grasshoppers : RHP Vicente Durango
Batting: RHB Bobson Dugnutt 0-0: Ball
1-0: Foul Ball, location: 2F
1-1: SINGLE (Groundball, 4) (infield hit)
Batting: LHB Tullu Amaad 0-0: Ball
1-0: Swinging Strike
1-1: Fly out, F7 (Flyball, 78S)
Batting: RHB Ramón Soto 0-0: Foul Ball, location: 2F
0-1: Swinging Strike
0-2: Strikes out swinging
Batting: RHB Gabe Cain 0-0: Ground out 4-3 (Groundball, 4)
Bottom of the 2nd over - 0 runs, 1 hit, 0 errors, 1 left on base; San Bernardino 1 - Lancaster 0
TOP OF THE 3RD
San Bernardino Grasshoppers batting - Pitching for Lancaster Farmers : RHP Marnix van Rijn
Batting: RHB Reinaart Manshert 0-0: Bunted foul
0-1: Ball
1-1: Ball
2-1: Swinging Strike
2-2: Ball
3-2: SOLO HOME RUN (Flyball, 7D), Distance : 402 ft
Batting: RHB Luis Yander La O 0-0: Called Strike
0-1: Foul Ball, location: 2F
0-2: Ball
1-2: Ball
2-2: SINGLE (Line Drive, 6MD)
Batting: LHB Arana Sashi 0-0: Ball
1-0: Grounds into double play, 5-4-3 (Groundball, 56)
Batting: RHB Guy Toussaint 0-0: Ground out 4-3 (Groundball, 4)
Top of the 3rd over - 1 run, 2 hits, 0 errors, 0 left on base; San Bernardino 2 - Lancaster 0
BOTTOM OF THE 3RD
Lancaster Farmers batting - Pitching for San Bernardino Grasshoppers : RHP Vicente Durango
Batting: RHB Min-tae Yi 0-0: Ball
1-0: Foul Ball, location: 2F
1-1: Ground out 5-3 (Groundball, 5)
Batting: RHB David Sánchez 0-0: Foul Ball, location: 2F
0-1: Ball
1-1: Foul Ball, location: 2F
1-2: Fly out, F5 (Line Drive, 5)
Batting: RHB José Xirau 0-0: Ground out 3-1 (Groundball, 34)
Bottom of the 3rd over - 0 runs, 0 hits, 0 errors, 0 left on base; San Bernardino 2 - Lancaster 0
TOP OF THE 4TH
San Bernardino Grasshoppers batting - Pitching for Lancaster Farmers : RHP Marnix van Rijn
Batting: RHB Eikki Kankaanperä 0-0: Ball
1-0: SINGLE (Groundball, 6) (infield hit)
Batting: RHB Tony Ayala 0-0: Called Strike
0-1: Foul Ball, location: 2F
0-2: Foul Ball, location: 2F
0-2: Foul Ball, location: 2F
0-2: Ball
Balk!
Eikki Kankaanperä to second
1-2: Ball
2-2: Foul Ball, location: 2F
2-2: Strikes out swinging
Batting: RHB Ronald Comejo 0-0: Ground out 5-3 (Groundball, 56S)
Eikki Kankaanperä to third
Batting: RHB Ángelo Díaz 0-0: Ball
1-0: Ground out 4-3 (Groundball, 4)
Top of the 4th over - 0 runs, 1 hit, 0 errors, 1 left on base; San Bernardino 2 - Lancaster 0
BOTTOM OF THE 4TH
Lancaster Farmers batting - Pitching for San Bernardino Grasshoppers : RHP Vicente Durango
Batting: RHB Hsi-men King 0-0: Foul Ball, location: 2F
0-1: Called Strike
0-2: DOUBLE (Line Drive, 7LD)
Batting: RHB Domingo Altamiraño 0-0: Ball
1-0: Ball
2-0: Called Strike
2-1: Fly out, F8 (Line Drive, 8RD)
Runner from 2nd tags up, SAFE at 3rd with throw
Batting: RHB Bobson Dugnutt 0-0: Ball
1-0: Ball
2-0: Called Strike
2-1: Swinging Strike
2-2: Ball
3-2: Foul Ball, location: 2F
3-2: Strikes out looking
Batting: LHB Tullu Amaad 0-0: Ball
1-0: Foul Ball, location: 2F
1-1: Ball
2-1: Swinging Strike
2-2: Strikes out looking
Bottom of the 4th over - 0 runs, 1 hit, 0 errors, 1 left on base; San Bernardino 2 - Lancaster 0
TOP OF THE 5TH
San Bernardino Grasshoppers batting - Pitching for Lancaster Farmers : RHP Marnix van Rijn
Batting: RHB Jouo Hirschovits 0-0: Ball
1-0: Ball
2-0: Ball
3-0: Foul Ball, location: 2F
3-1: SINGLE (Groundball, 25) (infield hit)
Batting: RHB Reinaart Manshert 0-0: Fly out, F7 (Flyball, 78D)
Batting: RHB Luis Yander La O 0-0: Swinging Strike
0-1: Ball
1-1: Ball
2-1: Swinging Strike
2-2: Strikes out looking
Batting: LHB Arana Sashi 0-0: Ball
1-0: Foul Ball, location: 2F
1-1: Called Strike
1-2: Ground out 4-3 (Groundball, 4)
Top of the 5th over - 0 runs, 1 hit, 0 errors, 1 left on base; San Bernardino 2 - Lancaster 0
BOTTOM OF THE 5TH
Lancaster Farmers batting - Pitching for San Bernardino Grasshoppers : RHP Vicente Durango
Batting: RHB Ramón Soto 0-0: Ground out 6-3 (Groundball, 56)
Batting: RHB Gabe Cain 0-0: Ground out 5-3 (Groundball, 56)
Batting: RHB Min-tae Yi 0-0: Swinging Strike
0-1: Ground out 6-3 (Groundball, 6M)
Bottom of the 5th over - 0 runs, 0 hits, 0 errors, 0 left on base; San Bernardino 2 - Lancaster 0
TOP OF THE 6TH
San Bernardino Grasshoppers batting - Pitching for Lancaster Farmers : RHP Marnix van Rijn
Batting: RHB Guy Toussaint 0-0: Foul Ball, location: 2F
0-1: Foul Ball, location: 2F
0-2: Strikes out looking
Batting: RHB Eikki Kankaanperä 0-0: Ball
1-0: Swinging Strike
1-1: Ball
2-1: Swinging Strike
2-2: Foul Ball, location: 2F
2-2: Ground out 4-3 (Groundball, 4)
Batting: RHB Tony Ayala 0-0: Swinging Strike
0-1: Called Strike
0-2: Ball
1-2: Ball
2-2: Foul Ball, location: 2F
2-2: Ground out 6-3 (Groundball, 6)
Top of the 6th over - 0 runs, 0 hits, 0 errors, 0 left on base; San Bernardino 2 - Lancaster 0
BOTTOM OF THE 6TH
Lancaster Farmers batting - Pitching for San Bernardino Grasshoppers : RHP Vicente Durango
Batting: RHB David Sánchez 0-0: Swinging Strike
0-1: Swinging Strike
0-2: Ball
1-2: Strikes out swinging
Batting: RHB José Xirau 0-0: Ball
1-0: Foul Ball, location: 2F
1-1: Ball
2-1: Called Strike
2-2: Foul Ball, location: 2F
2-2: Ground out 5-3 (Groundball, 56)
Batting: RHB Hsi-men King 0-0: Ball
1-0: Ball
2-0: Ball
3-0: Called Strike
3-1: SINGLE (Flyball, 8RS)
Batting: RHB Domingo Altamiraño 0-0: Swinging Strike
0-1: Called Strike
0-2: Ball
1-2: DOUBLE (Line Drive, 9D)
Hsi-men King to third
Runner from 3rd tries for Home, SAFE, no throw
Batting: RHB Bobson Dugnutt 0-0: Called Strike
0-1: Ground out 6-3 (Groundball, 6)
Bottom of the 6th over - 1 run, 2 hits, 0 errors, 1 left on base; San Bernardino 2 - Lancaster 1
TOP OF THE 7TH
San Bernardino Grasshoppers batting - Pitching for Lancaster Farmers : RHP Marnix van Rijn
Batting: RHB Ronald Comejo 0-0: Called Strike
0-1: Ball
1-1: Foul Ball, location: 2F
1-2: Ball
2-2: Strikes out swinging
Batting: RHB Ángelo Díaz 0-0: Foul Ball, location: 2F
0-1: Foul Ball, location: 2F
0-2: Ball
1-2: Strikes out looking
Batting: RHB Jouo Hirschovits 0-0: Ground out 4-3 (Groundball, 4S)
Top of the 7th over - 0 runs, 0 hits, 0 errors, 0 left on base; San Bernardino 2 - Lancaster 1
BOTTOM OF THE 7TH
Lancaster Farmers batting - Pitching for San Bernardino Grasshoppers : RHP Vicente Durango
Batting: LHB Tullu Amaad 0-0: Ball
1-0: Ball
2-0: Swinging Strike
2-1: Ball
3-1: Base on Balls
Batting: RHB Ramón Soto 0-0: Foul Ball, location: 2F
0-1: Ball
1-1: Ball
2-1: Foul Ball, location: 2F
2-2: Ball
Wild Pitch!
Tullu Amaad to second
3-2: Ground out 4-3 (Groundball, 4M)
Tullu Amaad to third
Pinch Hitting: RHB Hou Kong 0-0: Swinging Strike
0-1: Foul Ball, location: 2F
0-2: Foul Ball, location: 2F
0-2: Ball
1-2: Ground out U3 (Groundball, 34)
Batting: RHB Min-tae Yi 0-0: SINGLE (Groundball, 56D)
Tullu Amaad scores
Batting: RHB David Sánchez 0-0: Ball
1-0: Foul Ball, location: 2F
1-1: Ball
2-1: Ground out 6-3 (Groundball, 6MS)
Bottom of the 7th over - 1 run, 1 hit, 0 errors, 1 left on base; San Bernardino 2 - Lancaster 2
TOP OF THE 8TH
San Bernardino Grasshoppers batting - Pitching for Lancaster Farmers : RHP Marnix van Rijn
Pitching: RHP Pat Clement
Now in CF: Jesús Herrera
Pinch Hitting: LHB Gong Mao 0-0: Ball
1-0: Ground out U3 (Groundball, 34)
Batting: RHB Luis Yander La O 0-0: Ball
1-0: Ball
2-0: Swinging Strike
2-1: Foul Ball, location: 2F
2-2: Strikes out swinging
Batting: LHB Arana Sashi 0-0: Ball
1-0: Ball
2-0: Ball
3-0: Called Strike
3-1: Base on Balls
Batting: RHB Guy Toussaint 0-0: Ball
1-0: Ball
2-0: Ground out 6-3 (Groundball, 6)
Top of the 8th over - 0 runs, 0 hits, 0 errors, 1 left on base; San Bernardino 2 - Lancaster 2
BOTTOM OF THE 8TH
Lancaster Farmers batting - Pitching for San Bernardino Grasshoppers : RHP Vicente Durango
Pitching: RHP Pedro Huerta
Now in RF: Gong Mao
Batting: RHB José Xirau 0-0: Swinging Strike
0-1: Ground out 6-3 (Groundball, 6)
Batting: RHB Hsi-men King 0-0: Swinging Strike
0-1: Foul Ball, location: 2F
0-2: DOUBLE (Line Drive, 78D)
Batting: RHB Domingo Altamiraño 0-0: Fly out, F5 (Line Drive, 56)
Batting: RHB Bobson Dugnutt 0-0: Called Strike
0-1: Called Strike
0-2: Ball
1-2: Strikes out swinging
Bottom of the 8th over - 0 runs, 1 hit, 0 errors, 1 left on base; San Bernardino 2 - Lancaster 2
TOP OF THE 9TH
San Bernardino Grasshoppers batting - Pitching for Lancaster Farmers : RHP Pat Clement
Pinch Hitting: LHB Víctor Fortis 0-0: Ball
1-0: Called Strike
1-1: Hit by Pitch
Pinch Hitting: LHB Matt Ouweneel 0-0: Sac Bunt - play at first, batter OUT! 5-4
Víctor Fortis to second
Batting: RHB Ronald Comejo 0-0: Foul Ball, location: 2F
0-1: Ball
1-1: Ground out 5-3 (Groundball, 56S)
Víctor Fortis to third
Batting: RHB Ángelo Díaz 0-0: Called Strike
0-1: Called Strike
0-2: Foul Ball, location: 2F
0-2: Fly out, F9 (Flyball, 89M)
Top of the 9th over - 0 runs, 0 hits, 0 errors, 1 left on base; San Bernardino 2 - Lancaster 2
BOTTOM OF THE 9TH
Lancaster Farmers batting - Pitching for San Bernardino Grasshoppers : RHP Pedro Huerta
Pitching: RHP Austin Aries
Now at 1B: Víctor Fortis
Now in LF: Matt Ouweneel
Batting: LHB Tullu Amaad 0-0: Foul Ball, location: 2F
0-1: Ball
1-1: Foul Ball, location: 2F
1-2: Strikes out swinging
Batting: RHB Ramón Soto 0-0: Ball
1-0: SINGLE (Flyball, 8RM)
Batting: RHB Jesús Herrera 0-0: Ball
1-0: Ball
2-0: Foul Ball, location: 2F
2-1: DOUBLE (Flyball, 89D)
Ramón Soto to third
Runner from 3rd tries for Home, throw and OUT!
Jesús Herrera to third
Batting: RHB Min-tae Yi 0-0: Called Strike
0-1: Foul Ball, location: 2F
0-2: Strikes out swinging
Bottom of the 9th over - 0 runs, 2 hits, 0 errors, 1 left on base; San Bernardino 2 - Lancaster 2
TOP OF THE 10TH
San Bernardino Grasshoppers batting - Pitching for Lancaster Farmers : RHP Pat Clement
Pitching: LHP Santiago Pérez
Batting: RHB Jouo Hirschovits 0-0: Called Strike
0-1: Ball
1-1: Called Strike
1-2: Ball
2-2: Foul Ball, location: 2F
2-2: Ball
3-2: Base on Balls
Batting: LHB Gong Mao 0-0: Bunted foul
0-1: Ball
1-1: Ball
2-1: Sac Bunt - play at first, batter OUT! 1-4
Jouo Hirschovits to second
Batting: RHB Luis Yander La O 0-0: Intentional Walk
Batting: LHB Arana Sashi 0-0: Fly out, F7 (Flyball, 78M)
Batting: RHB Guy Toussaint 0-0: Called Strike
0-1: Called Strike
0-2: Ball
1-2: Ball
2-2: Fly out, F8 (Flyball, 8RS)
Top of the 10th over - 0 runs, 0 hits, 0 errors, 2 left on base; San Bernardino 2 - Lancaster 2
BOTTOM OF THE 10TH
Lancaster Farmers batting - Pitching for San Bernardino Grasshoppers : RHP Austin Aries
Batting: RHB David Sánchez 0-0: Ball
1-0: Ball
2-0: Called Strike
2-1: Ball
3-1: Foul Ball, location: 2F
3-2: Fly out, F5 (Line Drive, 56)
Batting: RHB José Xirau 0-0: Ball
1-0: Ground out 6-3 (Groundball, 6)
Batting: RHB Hsi-men King 0-0: Called Strike
0-1: Ball
1-1: Foul Ball, location: 2F
1-2: Foul Ball, location: 2F
1-2: Ball
2-2: Ball
3-2: Strikes out swinging
Bottom of the 10th over - 0 runs, 0 hits, 0 errors, 0 left on base; San Bernardino 2 - Lancaster 2
TOP OF THE 11TH
San Bernardino Grasshoppers batting - Pitching for Lancaster Farmers : LHP Santiago Pérez
Batting: LHB Víctor Fortis 0-0: Swinging Strike
0-1: Ball
1-1: Swinging Strike
1-2: Foul Ball, location: 2F
1-2: Ball
2-2: Foul Ball, location: 2F
2-2: Foul Ball, location: 2F
2-2: Foul Ball, location: 2F
2-2: Fly out, F8 (Flyball, 8LD)
Batting: LHB Matt Ouweneel 0-0: Ball
1-0: Swinging Strike
1-1: Foul Ball, location: 2F
1-2: Ball
2-2: SINGLE (Groundball, 56D)
Batting: RHB Ronald Comejo 0-0: Ball
1-0: Ball
2-0: Ball
3-0: Called Strike
3-1: Fly out, F4 (Flyball, 4MD)
Batting: RHB Ángelo Díaz 0-0: Called Strike
0-1: Called Strike
0-2: Ball
1-2: Strikes out looking
Top of the 11th over - 0 runs, 1 hit, 0 errors, 1 left on base; San Bernardino 2 - Lancaster 2
BOTTOM OF THE 11TH
Lancaster Farmers batting - Pitching for San Bernardino Grasshoppers : RHP Austin Aries
Pitching: RHP Enrique Arrabal
Batting: RHB Domingo Altamiraño 0-0: Ball
1-0: Called Strike
1-1: Ball
2-1: Foul Ball, location: 2F
2-2: DOUBLE (Line Drive, 78D)
Batting: RHB Bobson Dugnutt 0-0: Called Strike
0-1: Foul Ball, location: 2F
0-2: Fly out, F8 (Flyball, 8LM)
Batting: LHB Tullu Amaad 0-0: Called Strike
0-1: Ground out 4-3 (Groundball, 4)
Domingo Altamiraño to third
Batting: RHB Ramón Soto 0-0: Called Strike
0-1: Fly out, F9 (Flyball, 9)
Bottom of the 11th over - 0 runs, 1 hit, 0 errors, 1 left on base; San Bernardino 2 - Lancaster 2
TOP OF THE 12TH
San Bernardino Grasshoppers batting - Pitching for Lancaster Farmers : LHP Santiago Pérez
Pitching: RHP Tim Sandaele
Batting: RHB Jouo Hirschovits 0-0: Ball
1-0: Swinging Strike
1-1: Fly out, F8 (Flyball, 8RS)
Batting: LHB Gong Mao 0-0: Foul Ball, location: 2F
0-1: Ball
1-1: Ball
2-1: Ball
3-1: SOLO HOME RUN (Flyball, 9D), Distance : 376 ft
Batting: RHB Luis Yander La O 0-0: Ball
1-0: Ball
2-0: Ball
3-0: Base on Balls
Batting: LHB Arana Sashi 0-0: Fielders Choice at 2nd, 4-6 (Groundball, 34)
Batting: RHB Guy Toussaint 0-0: Ball
Arana Sashi is caught stealing 2nd base
Top of the 12th over - 1 run, 1 hit, 0 errors, 0 left on base; San Bernardino 3 - Lancaster 2
BOTTOM OF THE 12TH
Lancaster Farmers batting - Pitching for San Bernardino Grasshoppers : RHP Enrique Arrabal
Batting: RHB Jesús Herrera 0-0: Foul Ball, location: 2F
0-1: Ball
1-1: Swinging Strike
1-2: Foul Ball, location: 2F
1-2: Ball
2-2: Strikes out swinging
Batting: RHB Min-tae Yi 0-0: Called Strike
0-1: SINGLE (Groundball, 6MD)
Batting: RHB David Sánchez 0-0: Ball
1-0: Ball
2-0: Ball
3-0: Called Strike
3-1: Swinging Strike
3-2: Strikes out swinging
Batting: RHB José Xirau 0-0: Ball
1-0: Swinging Strike
1-1: Swinging Strike
1-2: Strikes out swinging
Bottom of the 12th over - 0 runs, 1 hit, 0 errors, 1 left on base; San Bernardino 3 - Lancaster 2
Tuesday, June 12th, 2018 - OOTP Baseball 18.8 Build 76